 Dungeon Sprint DCSS version 0.31-a0-868-g674d60d6f7 (webtiles) character file.

Game seed: 4525332524512552073

1969 rocky1 the Carver (level 9, -4/71 HPs)
             Began as a Djinni Gladiator on Oct 12, 2023.
             Was an Elder of Qazlal.
             Slain by a tentacle (21 damage)
             ... attached to a kraken
             ... in the Dungeon (Sprint II: "The Violet Keep of Menkaure").
             The game lasted 00:05:11 (932 turns).

rocky1 the Carver (Djinni Gladiator)                 Turns: 932, Time: 00:05:11

Health: -4/71      AC:  4    Str: 13    XL:     9   Next: 43%
Gold:   106        EV: 18    Int: 13    God:    Qazlal [****..] SH:  5 Dex: 19

rFire   + + .        a - +0 long sword
rCold   x . .        (no shield)
rNeg    . . .        b - +0 leather armour
rPois   ∞            c - +0 helmet
rElec   .            (no cloak)
rCorr   .            (no gloves)
SInv    .            (boots unavailable)
Will    .....        o - amulet "Cehos" {Fly Regen+ Int+3}
Stlth   ++           (no ring)
HPRegen 1.11/turn    (no ring)
MPRegen 0.00/turn

%: no teleportation, repel missiles, infuse magic (-5 HP)
@: flying
A: sickness immunity, fire resistance 2, cold vulnerability 1, float, innate
caster, HP casting, extra vitality 1
a: Renounce Religion, Upheaval, Elemental Force


You were in the Dungeon.
You worshipped Qazlal.
Qazlal was greatly pleased with you.
You visited 1 branch You collected 1053 gold pieces.
You spent 947 gold pieces at shops.

Inventory:

Hand Weapons
 a - a +0 long sword (weapon)
 g - a +5 lajatang of pain
Missiles
 d - 3 throwing nets (quivered)
 e - a javelin
Armour
 b - a +0 leather armour (worn)
 c - a +0 helmet (worn)
Jewellery
 o - the amulet "Cehos" (around neck) {Fly Regen+ Int+3}
   (You bought it in a shop in the Dungeon)

   [amulet of regeneration]

   Int+3:     It affects your intelligence (+3).
   Fly:       It grants you flight.
   Regen+:    It increases your rate of health regeneration.
Scrolls
 i - a scroll of enchant weapon {unknown}
 j - a scroll of blinking
 n - a scroll of fear
Potions
 f - 3 potions of curing
 h - a potion of haste
 m - a potion of heal wounds


   Skills:
 + Level 8.4 Fighting
 + Level 12.0 Long Blades
 + Level 4.0 Throwing
 + Level 4.1 Armour
 + Level 10.6 Dodging
 + Level 5.1 Stealth
 + Level 1.7 Shields
 * Level 4.8 Invocations


You knew the following spells:

 Your Spells              Type           Power      Damage    Failure   Level
a - Necrotise             Necr           0%         1d4       36%         1
b - Momentum Strike       Conj/Tloc      0%         3d8       50%         2
c - Passwall              Tmut/Erth      0%         N/A       50%         2
d - Ignite Poison         Fire/Tmut/Pois 0%         N/A       75%         3
Your spell library was empty.

Dungeon Overview and Level Annotations

Branches:
Dungeon (1/1)

Altars:
Cheibriados
Dithmenos
Elyvilon
Fedhas
Gozag
Hepliaklqana
Makhleb
Nemelex Xobeh
Okawaru
Qazlal
Ru
Trog
Uskayaw
Wu Jian
Xom
Yredelemnul
Zin
The Shining One
Jiyva
Lugonu

Shops:
D =:??=((![[:::=!

Annotations:
D exclusions: obsidian statue and oklob plant, Roxanne


Innate Abilities, Weirdness & Mutations

You are immune to sickness and miasma.
You are immune to poison.
Your flesh is very heat resistant. (rF++)
You are vulnerable to cold. (rC-)
You float through the air rather than walking.
You learn spells naturally, not from books.
Your magical power is your life essence.
You have superior vitality. (+4 MHP)


Message History

The tentacle closely misses you. The water moccasin closely misses you.
You hit the water moccasin but do no damage.
The water moccasin is almost dead.
You block the tentacle's attack.
The water moccasin bites you but does no damage.
The tentacle closely misses you.
You closely miss the tentacle.
You punch the tentacle, but do no damage.
The tentacle is moderately wounded.
The water moccasin bites you. The tentacle completely misses you.
You slash the tentacle!
You punch the tentacle, but do no damage.
The tentacle is heavily wounded.
The tentacle slaps you!!
* * * LOW HITPOINT WARNING * * *
The water moccasin misses you. The water moccasin barely misses you.
You block the tentacle's attack.
The water moccasin completely misses you.
You hit the tentacle but do no damage.
The tentacle is heavily wounded.
The tentacle completely misses you. The water moccasin closely misses you.
You hit the tentacle but do no damage.
The tentacle is heavily wounded.
The tentacle closely misses you. The water moccasin closely misses you.
The tentacle closely misses you. The tentacle slaps you.
* * * LOW HITPOINT WARNING * * *
You hit the tentacle but do no damage.
The tentacle is heavily wounded.
The tentacle misses you. You block the tentacle's attack.
You hit the tentacle.
The tentacle is heavily wounded.
The tentacle misses you.
You barely miss the tentacle.
The tentacle is heavily wounded.
You block the tentacle's attack. The tentacle misses you.
You hit the tentacle.
The tentacle is heavily wounded.
The tentacle slaps you!!
You die...

### +.##. )▓(!?![$$(▓▓ ..#
...####▓![!)$!):▓▓ ..##
#..##.#▓)$[:[$)$▓▓ #..#
+..#.†#▓?$!!()!)▓▓ #..#
#..#).#▓!$?([)$)▓▓
+..####..##.#▓??(:($$$▓▓
#....###^..##▓▓▓▓▓▓▓+▓▓▓▓+
#......~~~~†~~~~@w~~──wXw≈
~~..§..~#'########S###V≈w≈
~~~~§..~#..._._.F#~~§# ≈
~~~~~~.~#_._._._.#~§§§#
≈≈≈~~~~~#._._._._#~§~§§#
§≈≈§§~~~#_._._._.#§§§§§≈#
≈≈≈≈§§≈~#._._._..#~~§~§§+
§§≈###≈≈#_._._...#~~§~≈S#
#§≈#.#≈≈#._._....#


You could see a kraken, 2 tentacles, a blink frog and a water moccasin.

Vanquished Creatures
  A yaktaur (D)
  3 polar bears (D)
  A hornet (D)
  2 wyverns (D)
  Menkaure (D)
  4 scorpions (D)
  4 necrophages (D)
  3 worms (D)
19 creatures vanquished.

Vanquished Creatures (others)
  A water moccasin (D)
1 creature vanquished.

Grand Total: 20 creatures vanquished

Notes
Turn   | Place    | Note
-------+----------+-------------------------------------------
     0 | D        | rocky1 the Djinni Gladiator began the quest for the Orb.
     0 | D        | Reached XP level 1. HP: 18/18 MP: 0/0
     1 | D        | Noticed a necrophage
     1 | D        | Noticed a necrophage
     1 | D        | Noticed a necrophage
     1 | D        | Noticed a necrophage
     6 | D        | Killed a necrophage
     7 | D        | Reached skill level 5 in Long Blades
     7 | D        | Reached skill level 5 in Dodging
     7 | D        | Reached XP level 2. HP: 25/25 MP: 0/0
     7 | D        | Reached XP level 3. HP: 30/30 MP: 0/0
     7 | D        | Learned a level 1 spell: Necrotise
     7 | D        | Reached XP level 4. HP: 35/35 MP: 0/0
    10 | D        | Killed a necrophage
    11 | D        | Reached skill level 6 in Long Blades
    11 | D        | Reached XP level 5. HP: 40/40 MP: 0/0
    11 | D        | Learned a level 2 spell: Momentum Strike
    14 | D        | Reached skill level 7 in Long Blades
    16 | D        | Reached XP level 6. HP: 48/48 MP: 0/0
    23 | D        | Noticed a water moccasin
    25 | D        | Found a glowing golden altar of the Shining One.
    25 | D        | Found an ornate altar of the Wu Jian Council.
    26 | D        | Found a shimmering altar of Xom.
    26 | D        | Found a sacrificial altar of Ru.
    26 | D        | Found a stormy altar of Qazlal.
    27 | D        | Found a basalt altar of Yredelemnul.
    27 | D        | Found a viscous altar of Jiyva.
    28 | D        | Killed a water moccasin
    29 | D        | Reached skill level 8 in Long Blades
    29 | D        | Found a glowing silver altar of Zin.
    29 | D        | Found a bloodstained altar of Trog.
    30 | D        | Found a hide-covered altar of Uskayaw.
    30 | D        | Found a corrupted altar of Lugonu.
    30 | D        | Found a shadowy altar of Dithmenos.
    31 | D        | Found a burning altar of Makhleb.
    31 | D        | Found a white marble altar of Elyvilon.
    32 | D        | Found a sparkling altar of Nemelex Xobeh.
    32 | D        | Found a blossoming altar of Fedhas.
    34 | D        | Found an iron altar of Okawaru.
    34 | D        | Found an opulent altar of Gozag.
    34 | D        | Found a hazy altar of Hepliaklqana.
    34 | D        | Found a snail-covered altar of Cheibriados.
    40 | D        | Noticed Roxanne
    41 | D        | Became a worshipper of Qazlal Stormbringer
   151 | D        | Reached * piety under Qazlal
   160 | D        | Found Ohivaugh's Book Emporium.
   162 | D        | Found Wounif's Antique Armour Emporium.
   162 | D        | Found Sior's Distillery.
   163 | D        | Found Leyti Qekh's Antique Weapon Shoppe.
   163 | D        | Found Gyise's Book Emporium.
   164 | D        | Noticed a blink frog
   174 | D        | Found Vothri's Distillery.
   174 | D        | Found Wineukken's Antique Armour Shoppe.
   329 | D        | Found Ammunt's Antique Weapon Shoppe.
   329 | D        | Found Kejuvaiv's Jewellery Emporium.
   330 | D        | Found Ejou's Book Shoppe.
   331 | D        | Found Xomugouh's Jewellery Shoppe.
   339 | D        | Reached skill level 5 in Fighting
   341 | D        | Reached skill level 9 in Long Blades
   341 | D        | Reached skill level 1 in Armour
   341 | D        | Reached skill level 1 in Stealth
   341 | D        | Reached XP level 7. HP: 52/54 MP: 0/0
   341 | D        | Learned a level 2 spell: Passwall
   349 | D        | Reached ** piety under Qazlal
   465 | D        | Noticed a wyvern
   465 | D        | Noticed a wyvern
   473 | D        | Killed a wyvern
   474 | D        | Reached skill level 10 in Long Blades
   486 | D        | Killed a wyvern
   487 | D        | Reached XP level 8. HP: 11/64 MP: 0/0
   669 | D        | Noticed an obsidian statue
   670 | D        | Noticed Menkaure
   676 | D        | Killed Menkaure
   676 | D        | Reached *** piety under Qazlal
   752 | D        | Noticed a cane toad
   752 | D        | Noticed a cane toad
   753 | D        | Found Hoebuiwe's Magic Scroll Emporium.
   753 | D        | Found Sanuaczeos's Magic Scroll Shoppe.
   753 | D        | Noticed an oklob plant
   753 | D        | Noticed a manticore
   754 | D        | Found Dottool's Jewellery Shoppe.
   754 | D        | Found Peassausch's Book Shoppe.
   754 | D        | Noticed a manticore
   755 | D        | Noticed a manticore
   760 | D        | Noticed a great orb of eyes
   768 | D        | Bought a potion of might for 44 gold pieces
   768 | D        | Bought a potion of invisibility for 88 gold pieces
   777 | D        | Bought a potion of heal wounds for 70 gold pieces
   781 | D        | Bought a potion of curing for 33 gold pieces
   781 | D        | Bought a potion of curing for 33 gold pieces
   785 | D        | Bought a scroll of fear for 44 gold pieces
   787 | D        | Bought the amulet "Cehos" {Fly Regen+ Int+3} for 635 gold
                  | pieces
   836 | D        | Noticed a polar bear
   842 | D        | Noticed a polar bear
   843 | D        | Noticed a yaktaur
   843 | D        | Noticed a hornet
   843 | D        | Noticed a polar bear
   858 | D        | Killed a polar bear
   859 | D        | Reached skill level 11 in Long Blades
   859 | D        | Reached skill level 10 in Dodging
   862 | D        | Killed a hornet
   869 | D        | Killed a polar bear
   870 | D        | Reached skill level 1 in Shields
   870 | D        | Reached XP level 9. HP: 48/70 MP: 0/0
   870 | D        | Learned a level 3 spell: Ignite Poison
   878 | D        | Killed a yaktaur
   878 | D        | Reached **** piety under Qazlal
   884 | D        | Killed a polar bear
   885 | D        | Reached skill level 12 in Long Blades
   885 | D        | Reached skill level 5 in Stealth
   908 | D        | Noticed a kraken
   932 | D        | Slain by a tentacle

Illustrated notes

Levels and vault maps discovered:
D:        the_violet_keep_of_menkaure [sprint2_stairs_cluster_1,
          sprint2_shoproom, sprint2_temple, sprint2_basic_supplies,
          sprint2_obstacle_7, sprint2_obstacle_6, sprint2_obstacle_3,
          sprint2_obstacle_1, sprint2_obstacle_4, sprint2_timed_cluster_1,
          sprint2_smallroom_cluster_1, sprint2_smallroom_final_cluster_1,
          sprint2_transparent_cluster_1, sprint2_second_timed_cluster_1,
          sprint2_sniper_area_1, sprint2_heavy_combat_area_1,
          sprint2_mutation_trap_area_1, sprint2_forest_area_1,
          sprint2_light_combat_area_1, sprint2_behind_water_1,
          sprint2_near_end_vault_1]

Skill      XL: |  1  2  3  4  5  6  7  8  9 |
---------------+----------------------------+-----
Fighting       | 3 4 5 7 8 |  8.4
Long Blades    | 5 6 7 9 10 11 12 | 12.0
Throwing       | 2 3 4 |  4.0
Dodging        | 5 6 8 9 10 | 10.6
Armour         | 1 2 3 4 |  4.1
Stealth        | 1 2 4 5 |  5.1
Invocations    | 3 4 |  4.8
Shields        | 1 |  1.7

Action                     |  1- 3 |  4- 6 |  7- 9 || total
---------------------------+-------+-------+-------++-------
  Melee: Long sword        |     4 |    42 |    89 ||   135
         Punch             |       |       |     3 ||     3
    Use: Potion            |     1 |       |     3 ||     4
   Stab: Sleeping          |       |     1 |       ||     1
         Invisible         |       |       |    10 ||    10
 Armour: Leather armour    |       |    16 |    45 ||    61
  Dodge: Dodged            |     2 |    18 |    88 ||   108
  Block: Other             |       |       |    20 ||    20

Table legend: (Time is in decaauts)
 A = Elapsed time spent in this place.
 B = Non-inter-level travel time spent in this place.
 C = Inter-level travel time spent in this place.
 D = Time resting spent in this place.
 E = Time spent auto-exploring this place.
 F = Levels seen in this place.
 G = Mean time per level.
                   A        B        C        D        E       F      G
               +--------+--------+--------+--------+--------+-----+--------+
         Total |    925 |    925 |      0 |    459 |      0 |   1 |  925.0 |
       Dungeon |    925 |    925 |      0 |    459 |      0 |   1 |  925.0 |
               +--------+--------+--------+--------+--------+-----+--------+

Top non-repeatable levels by time:
       D: 925 daAuts
